 Dungeon Crawl Stone Soup version 0.30-a0-719-gcc4359ea44 (webtiles) character file.

Game seed: 7222893804880720771

215 porpoise the Cutter (level 5, -2/41 HPs)
             Began as a Demonspawn Warper on Jan 27, 2023.
             Killed from afar by a hobgoblin (16 damage)
             ... with a bolt of light
             ... led by Robin
             ... on level 3 of the Dungeon.
             The game lasted 00:11:29 (2492 turns).

porpoise the Cutter (Demonspawn Warper)             Turns: 2492, Time: 00:11:30

Health: -2/41      AC:  6    Str: 18    XL:     5   Next: 60%
Magic:  8/8        EV: 12    Int: 20    God:
Gold:   215        SH:  0    Dex: 14    Spells: 3/8 levels left

rFire   . . .      SeeInvis .    a - +1 dagger (elec)
rCold   . . .      Faith    .    (no shield)
rNeg    . . .      Spirit   .    n - +0 leather armour
rPois   .          Reflect  .    v - +2 helmet
rElec   .          Harm     .    (no cloak)
rCorr   .          Rampage  .    (no gloves)
Will    .....                    (no boots)
Stlth   +                        (no amulet)
HPRegen 0.26/turn                f - +6 ring of strength
MPRegen 0.11/turn                g - +6 ring of intelligence

@: no status effects
A: demonic magic 1, weakness stinger 1
a: no special abilities


You were on level 3 of the Dungeon.
You visited 1 branch of the dungeon, and saw 3 of its levels.

You collected 215 gold pieces.

Inventory:

Hand Weapons
 a - a +1 dagger of electrocution (weapon)
 b - a +0 sling
 m - a +0 short sword
 s - a +1 mace of protection
Missiles
 d - 7 boomerangs of dispersal
 t - 8 poisoned darts (quivered)
Armour
 k - a +0 pair of boots
 n - a +0 leather armour (worn)
 v - a +2 helmet (worn)
Jewellery
 f - a +6 ring of strength (left hand)
 g - a +6 ring of intelligence (right hand)
Wands
 w - a wand of flame (3)
Scrolls
 c - a scroll of blinking
 i - a scroll of vulnerability {unknown}
 j - 3 scrolls of identify {unknown}
 l - a scroll of fear {unknown}
 o - 2 scrolls of noise {unknown}
 p - a scroll of enchant weapon {unknown}
 q - a scroll of brand weapon {unknown}
Potions
 e - 2 potions of brilliance {unknown}
 h - a potion of cancellation {unknown}
 u - a potion of heal wounds {unknown}
 x - a potion of lignification {unknown}
 z - a potion of might {unknown}


   Skills:
 + Level 3.4 Fighting
 * Level 4.0 Short Blades
 - Level 0.8 Throwing
 - Level 0.8 Armour
 - Level 1.7 Dodging
 - Level 2.0 Spellcasting
 + Level 3.6 Translocations


You had 3 spell levels left.
You knew the following spells:

 Your Spells              Type           Power      Damage    Failure   Level
k - Blink                 Tloc           32%        N/A       6%          2
v - Vhi's Electric Charg  Tloc/Air       18%        N/A       26%         3

Your spell library contained the following spells:

 Spells                   Type           Power      Damage    Failure   Level
 Lesser Beckoning         Tloc           32%        N/A       6%          2
 Teleport Other           Tloc           16%        N/A       12%         3
 Summon Small Mammal      Summ           8%         N/A       19%         1
 Call Canine Familiar     Summ           2%         N/A       50%         3
 Ignite Poison            Fire/Tmut/Pois 2%         N/A       50%         3
 Summon Guardian Golem    Hex/Summ       2%         N/A       50%         3
 Manifold Assault         Tloc           16%        N/A       38%         4
 Sticky Flame             Conj/Fire      2%         2d3       88%         4
 Ignition                 Fire           1%         3d3       100%        8


Dungeon Overview and Level Annotations

Branches:
Dungeon (3/15)

Altars:

Shops:
D:2 :


Innate Abilities, Weirdness & Mutations

Spells you cast may paralyse adjacent enemies.
You have a small tail.


Message History

The goblin closely misses you. The hobgoblin hits you.
A goblin comes into view. It is wielding a +0 dagger.
Unknown command.
The goblin shouts!
You hit the hobgoblin. You tail-slap the hobgoblin.
You kill the hobgoblin!
The ball python bites you but does no damage.
The ball python constricts you.
You escape the ball python's grasp.
The goblin barely misses you. The goblin misses you.
The goblin attacks as you move away! The goblin barely misses you.
The goblin no longer looks unusually strong.
The hobgoblin zaps a wand.
The bolt of light hits the goblin!
The goblin dies!
The bolt of light hits you!!
* * * LOW HITPOINT WARNING * * *
The goblin attacks as you move away! The goblin closely misses you.
The goblin no longer looks unusually strong.
The goblin attacks as you move away! The goblin closely misses you.
The hobgoblin no longer looks unusually strong.
You feel better. The goblin misses you.
You closely miss the goblin. You tail-slap the goblin.
You kill the goblin!
You hit the ball python.
Lightning courses through the ball python!
You kill the ball python!
The hobgoblin zaps a wand.
The bolt of light hits the goblin!
The goblin dies!
The bolt of light misses you. The hobgoblin hits you.
Items here: $ )) †.
You closely miss the hobgoblin. The hobgoblin closely misses you.
The goblin hits you but does no damage.
You closely miss the goblin. The goblin hits you but does no damage.
You hit the goblin.
The goblin is severely wounded.
You hit the goblin.
You kill the goblin!
The hobgoblin zaps a wand.
The bolt of light hits you!
You die...

#.####.#.#.##. #.# #.#
..####.#.#.##. #.. ..#
.........#.##.#####.##..#
######.........>......gg#
# #............#.# #
#..<....#...g))# #
####.........ggg###
###...........##)##
....##........##@#
######........##.#
..............##.#
######.....#####.# #
#...........#
#############


You could see a hobgoblin and 3 goblins.

Vanquished Creatures
  An orc priest (D:3)
  Natasha (twice) (D:3)
  Robin (D:3)
  3 adders
  4 shadow imps (D:3)
  A worm (D:2)
  4 dart slugs
  4 ball pythons
  4 bats
  4 endoplasms
  6 hobgoblins
  4 jackals (D:2)
  3 quokkas
  10 frilled lizards
  7 goblins
  5 kobolds
  3 rats
66 creatures vanquished.

Vanquished Creatures (others)
  2 goblins (D:3)
  5 plants (D:3)
7 creatures vanquished.

Grand Total: 73 creatures vanquished

Notes
Turn   | Place    | Note
-------+----------+-------------------------------------------
     0 | D:1      | porpoise the Demonspawn Warper began the quest for the Orb.
     0 | D:1      | Reached XP level 1. HP: 16/16 MP: 3/3
    83 | D:1      | Reached skill level 2 in Short Blades
   153 | D:1      | Gained mutation: Spells you cast may paralyse adjacent
                  | enemies. [demonic ancestry]
   153 | D:1      | Reached XP level 2. HP: 20/22 MP: 5/5
   575 | D:1      | You fall into a shaft and drop 1 floor!
   682 | D:2      | Reached XP level 3. HP: 28/28 MP: 6/6
  1002 | D:2      | Learned a level 2 spell: Blink
  1069 | D:2      | Found Cistiefu's Book Emporium.
  1298 | D:2      | Reached skill level 3 in Short Blades
  1411 | D:2      | Learned a level 3 spell: Vhi's Electric Charge
  1424 | D:3      | Found a transporter.
  1487 | D:3      | Reached XP level 4. HP: 34/34 MP: 7/7
  1695 | D:3      | Found a transporter.
  2022 | D:3      | Noticed Natasha
  2033 | D:3      | Killed Natasha
  2034 | D:3      | Gained mutation: You have a small tail. [demonic ancestry]
  2034 | D:3      | Reached XP level 5. HP: 25/41 MP: 8/8
  2203 | D:3      | Noticed Natasha
  2206 | D:3      | Killed Natasha
  2459 | D:3      | Noticed Robin
  2477 | D:3      | Killed Robin
  2478 | D:3      | Reached skill level 4 in Short Blades
  2492 | D:3      | Killed from afar by a hobgoblin

Illustrated notes

Levels and vault maps discovered:
D:1:      roderic_octagonal_star, layout_basic
D:2:      layout_rooms, serial_shops, shop, minivault_23, serial_bayou_pond_e
D:3:      gammafunk_wand_slinger, layout_loops_ring,
          chequers_hall_statues_wall_a, minmay_lizard_king, uniq_robin,
          uniq_natasha

Skill      XL: |  1  2  3  4  5 |
---------------+----------------+-----
Short Blades   | 2 3 4 |  4.0
Translocations | 3 |  3.6
Fighting       | 3 |  3.4
Throwing       | |  0.8
Armour         | |  0.8
Dodging        | |  1.7
Spellcasting   | |  2.0

Action                     |  1- 3 |  4- 6 || total
---------------------------+-------+-------++-------
  Melee: Short sword       |    48 |       ||    48
         Punch             |     1 |       ||     1
         Mace              |    49 |       ||    49
         Dagger            |     8 |    69 ||    77
         Tailslap          |       |     7 ||     7
   Fire: Sling             |    39 |     8 ||    47
  Evoke: Wand              |       |    20 ||    20
    Use: Potion            |       |     1 ||     1
 Armour: Leather armour    |    32 |    21 ||    53
  Dodge: Dodged            |    65 |    69 ||   134

Table legend: (Time is in decaauts)
 A = Elapsed time spent in this place.
 B = Non-inter-level travel time spent in this place.
 C = Inter-level travel time spent in this place.
 D = Time resting spent in this place.
 E = Time spent auto-exploring this place.
 F = Levels seen in this place.
 G = Mean time per level.
                   A        B        C        D        E       F      G
               +--------+--------+--------+--------+--------+-----+--------+
         Total |   2503 |   2491 |     12 |    472 |   1414 |   3 |  834.3 |
       Dungeon |   2503 |   2491 |     12 |    472 |   1414 |   3 |  834.3 |
               +--------+--------+--------+--------+--------+-----+--------+

Top non-repeatable levels by time:
     D:3: 1068 daAuts
     D:1: 829 daAuts
     D:2: 605 daAuts
